 Dungeon Crawl Stone Soup version 0.23.0 (webtiles) character file.

Game seed: 6608279146523846078

51165 LostNumber the Brawler (level 14, -3/146 HPs)
             Began as a Troll Ice Elementalist on Feb 14, 2019.
             Was a Believer of Uskayaw.
             Slain by an ogre
             ... wielding a +0 giant club
              (21 damage)
             ... on level 11 of the Dungeon on Feb 15, 2019.
             The game lasted 00:37:57 (17130 turns).

LostNumber the Brawler (Troll Ice Elementalist)    Turns: 17130, Time: 00:37:57

Health: -3/146     AC: 17    Str: 28    XL:     14   Next: 22%
Magic:  6/13       EV:  9    Int: 11    God:    Uskayaw [**....]
Gold:   463        SH: 14    Dex: 10    Spells: 14/15 levels left

rFire    + . .     SeeInvis .     - Unarmed
rCold    . . .     Gourm    +   o - +0 shield
rNeg     . . .     Faith    .   n - +2 acid dragon scales
rPois    .         Spirit   .   j - +2 hat
rElec    .         Reflect  +   y - +1 cloak {rF+}
rCorr    +         Harm     .   (gloves unavailable)
MR       +....                  (boots unavailable)
Stlth    +.........             J - +3 amulet of reflection
HPRegen  0.74/turn              H - +5 ring of strength
MPRegen  0.13/turn              (no ring)

@: slowed, very slow
A: large, unfitting armour, claws 3, fast metabolism 3, gourmand, low mp 1,
regeneration 1, shaggy fur 1, tough skin 3
a: Stomp, Line Pass, Renounce Religion


You were on level 11 of the Dungeon.
You worshipped Uskayaw.
Uskayaw was noncommittal.
You were completely stuffed.

You visited 3 branches of the dungeon, and saw 18 of its levels.
You also visited: Ossuary, Ice Cave and Volcano.

You collected 814 gold pieces.
You spent 351 gold pieces at shops.

Inventory:

Hand Weapons
 a - a +4 great mace of flaming
   (You took it off a two-headed ogre in a volcano)
 D - the +5 scythe "Finisher" {speed, eviscerate}
   (You found it on level 11 of the Dungeon)

   Attacks with this weapon are significantly faster.
Missiles
 l - a throwing net (quivered) {!f}
Armour
 j - a +2 hat (worn)
   (You took it off Gastronok on level 8 of the Dungeon)
 n - +2 acid dragon scales (worn)
   (You acquired it in an ice cave)
 o - a +0 shield (worn)
   (You found it on level 8 of the Dungeon)
 y - a +1 cloak of fire resistance (worn)
   (You found it in a volcano)
 N - a +0 troll leather armour
   (You found it on level 9 of the Dungeon)
 S - a +2 animal skin of cold resistance
   (You found it in an ice cave)
Jewellery
 H - a +5 ring of strength (left claw)
   (You found it on level 8 of the Dungeon)
 J - a +3 amulet of reflection (around neck)
   (You found it on level 1 of the Dungeon)
Wands
 d - a wand of iceblast (17)
   (You took it off Maurice on level 9 of the Dungeon)
 t - a wand of flame (31)
   (You found it on level 9 of the Dungeon)
 v - a wand of digging (5)
   (You found it in an ice cave)
 x - a wand of acid (7)
   (You found it on level 2 of the Lair of Beasts)
 I - a wand of polymorph (16)
   (You found it on level 8 of the Dungeon)
 Q - a wand of clouds (2)
   (You found it on level 1 of the Lair of Beasts)
Scrolls
 b - 6 scrolls of amnesia
 g - 3 scrolls of enchant armour
 h - 3 scrolls of teleportation {@r4}
 k - 11 scrolls of remove curse {@r2}
 m - 4 scrolls of fog
 p - 3 scrolls of fear
 A - a scroll of identify {@r1}
 C - a scroll of brand weapon {unknown}
 F - a scroll of immolation {!r}
 G - 2 scrolls of vulnerability {!r}
Potions
 c - 2 potions of cancellation
 f - 5 potions of flight
 i - 4 potions of brilliance
 q - 2 potions of agility
 s - 7 potions of heal wounds {@q2}
 u - 8 potions of curing {@q1}
 w - a potion of mutation {!q}
 z - a potion of lignification {!q}
 B - a potion of resistance
 E - 7 potions of haste {@q3}
 O - 2 potions of might
Comestibles
 e - 36 rations {!d}
 r - 3 chunks of flesh


   Skills:
 + Level 11.0 Fighting
 + Level 7.4 Maces & Flails
 + Level 4.0 Armour
 - Level 1.5 Dodging
 - Level 1.0 Stealth
 - Level 9.0 Shields
 * Level 15.4 Unarmed Combat
 - Level 1.2 Spellcasting
   Level 0.6 Conjurations
 - Level 2.1 Ice Magic
 + Level 1.6 Invocations


You had 14 spell levels left.
You knew the following spells:

 Your Spells              Type           Power        Failure   Level  Hunger
a - Freeze                Ice            #...         16%         1    ##.....

Your spell library contained the following spells:

 Spells                   Type           Power        Failure   Level  Hunger
 Magic Dart               Conj           #...         30%         1    ##.....
 Throw Frost              Conj/Ice       #.....       32%         2    ###....
 Animate Skeleton         Necr           N/A          36%         1    ##.....
 Pain                     Necr           #...         36%         1    ##.....
 Blink                    Tloc           N/A          50%         2    ###....
 Call Imp                 Summ           #.......     50%         2    ###....
 Corpse Rot               Necr           N/A          50%         2    ###....
 Slow                     Hex            #.......     50%         2    ###....
 Ozocubu's Armour         Chrm/Ice       #.......     58%         3    ####...
 Conjure Flame            Conj/Fire      #.......     69%         3    ####...
 Stone Arrow              Conj/Erth      #.....       69%         3    ####...
 Mephitic Cloud           Conj/Pois/Air  #.......     71%         3    ####...
 Regeneration             Chrm/Necr      #.........   75%         3    ####...
 Vampiric Draining        Necr           #.........   75%         3    ####...
 Throw Icicle             Conj/Ice       #.......     91%         4    #####..
 Ice Form                 Ice/Tmut       #.......     94%         4    #####..
 Summon Ice Beast         Ice/Summ       #.......     94%         4    #####..
 Animate Dead             Necr           N/A          98%         4    #####..
 Leda's Liquefaction      Hex/Erth       #.........   98%         4    #####..
 Metabolic Englaciation   Hex/Ice        #.........   100%        5    ######.
 Summon Forest            Summ/Tloc      #.........   100%        5    ######.
 Bolt of Cold             Conj/Ice       #.........   100%        6    #######
 Freezing Cloud           Conj/Ice/Air   #.........   100%        6    #######
 Hydra Form               Tmut           #.........   100%        6    #######
 Ozocubu's Refrigeration  Ice            #.........   100%        6    #######
 Simulacrum               Ice/Necr       #.........   100%        6    #######
 Summon Hydra             Summ           #.........   100%        7    #######


Dungeon Overview and Level Annotations

Branches:
Dungeon (11/15)            Temple (1/1) D:4            Lair (6/6) D:8
  Swamp (0/4) Lair:2        Snake (0/4) Lair:4        Slime (0/5) Lair:5
    Orc (0/2) D:11

Altars:
Ashenzari
Cheibriados
Dithmenos
Elyvilon
Fedhas
Gozag
Hepliaklqana
Kikubaaqudgha
Makhleb
Nemelex Xobeh
Okawaru
Qazlal
Ru
Sif Muna
Trog
Uskayaw
Vehumet
Wu Jian
Xom
Yredelemnul
Zin
The Shining One

Shops:
D:4 [*!:!   D:5 *   D:7 :   D:8 }

Annotations:
Lair:2 1 exclusion


Innate Abilities, Weirdness & Mutations

You are too large for most types of armour.
You have claws for hands.
Your metabolism is lightning-fast.
You like to eat raw meat.
Your natural rate of healing is unusually fast.
You are covered in fur. (AC +1)
You have extremely tough skin. (AC +3)
Your magical capacity is low. (-10% MP)


Message History

Aim: a two-headed ogre, wielding a +0 dire flail and a +3 dire flail (severely wounded)
You can't stand on top of the monster!
The two-headed ogre appears confused.
The ogre mage appears confused.
You feel somewhat less full.
You can no longer pass through a line of other dancers.
The two-headed ogre hits you with a cursed -1 giant club.
You block the two-headed ogre's attack. The ogre barely misses you.
A two-headed ogre comes into view. It is wielding two +0 giant clubs.
You stomp with the beat, sending a shockwave through the revelers around you!
You feel somewhat less full.
You can no longer stomp with the beat.
The ogre mage seems less confused.
The two-headed ogre seems less confused.
The ogre mage hits you but does no damage.
The two-headed ogre hits you with a cursed -1 giant club!
You block the two-headed ogre's attack. The two-headed ogre barely misses you.
The two-headed ogre misses you. You block the ogre's attack.
You scratch the two-headed ogre. You block the ogre mage's attack.
You block the two-headed ogre's attack. The two-headed ogre closely misses you.
You can now stomp with the beat.
You scratch the two-headed ogre but do no damage.
The two-headed ogre hits you with a +0 giant club!
You block the two-headed ogre's attack.
The ogre hits you with a +0 giant club!!
The ogre mage hits you but does no damage.
You mangle the two-headed ogre!!
The ogre mage points at you and mumbles some strange words.
You feel yourself slow down.
The two-headed ogre hits you but does no damage.
You block the two-headed ogre's attack. x2
The two-headed ogre hits you with a +0 giant club!
Okay, then.
Unknown command.
You eviscerate the two-headed ogre!!!
You kill the two-headed ogre!
The ogre hits you with a +0 giant club!!
* * * LOW HITPOINT WARNING * * *
The ogre mage casts a spell.
The ogre mage seems to speed up.
You can now pass through a line of other dancers.
You barely miss the ogre mage.
The two-headed ogre hits you with a +0 dire flail.
* * * LOW HITPOINT WARNING * * *
You block the two-headed ogre's attack.
The two-headed ogre hits you with a cursed -1 giant club!!
* * * LOW HITPOINT WARNING * * *
The two-headed ogre hits you with a +0 giant club!
* * * LOW HITPOINT WARNING * * *
The ogre hits you with a +0 giant club!!
You die...

#################
#.......O@..O....
#.......OOO..####
#.########...#
#.# ...# #.# ...#
#!# ...# #.# ...#
#.# ...# #.#


You could see 3 two-headed ogres, an ogre mage and an ogre.

Vanquished Creatures
  Kirke (Lair:4)
  Gastronok (D:8)
  A frost giant (IceCv)
  Snorg (Lair:4)
  Erolcha (D:9)
  An ogre mage (Volcano)
  4 hydras
  6 two-headed ogres
  3 death yaks
  A hell knight (Volcano)
  A skeletal warrior (D:9)
  An unseen horror (D:11)
  A lindwurm (Lair:2)
  An ugly thing (D:11)
  Maurice (D:9)
  4 black mambas
  A torpor snail (Lair:2)
  Joseph (D:9)
  An ice statue (IceCv)
  7 spiny frogs
  Psyche (D:11)
  6 rime drakes
  6 komodo dragons
  3 trolls
  14 polar bears
  14 blink frogs
  Prince Ribbit (D:9)
  3 hippogriffs
  A spriggan (D:8)
  6 wraiths (D:11)
  A vampire (D:11)
  4 fire bats (Volcano)
  3 wyverns
  35 yaks
  A hog (Lair:4)
  A basilisk (Lair:1)
  Grum (D:11)
  4 vampire mosquitoes
  Menkaure (Ossuary)
  A warg (D:11)
  4 nagas (Lair:4)
  13 water moccasins
  4 porcupines
  3 ice beasts
  A black bear (Lair:1)
  4 orc warriors (D:11)
  2 sky beasts
  A phantom (D:5)
  32 wolves
  7 ogres
  5 centaurs
  8 crocodiles
  2 big kobolds
  A gnoll sergeant (D:9)
  A wyvern zombie (D:7)
  19 bullfrogs
  A scorpion (D:5)
  7 killer bees
  9 wights
  A howler monkey (D:10)
  5 lava snakes (Volcano)
  4 crimson imps
  2 centaur zombies
  3 jellies
  4 bullfrog zombies
  6 hounds
  5 orc priests
  5 orc wizards
  2 iguanas
  6 worker ants
  4 mummies
  2 howler monkey zombies (D:6)
  8 gnolls
  9 adders
  6 shadow imps
  3 oozes
  An adder skeleton (D:4)
  2 worms
  4 dart slugs
  4 leopard geckos
  27 orcs
  4 ball pythons
  5 giant cockroaches
  3 goblins
  8 hobgoblins
  11 jackals
  13 kobolds
  5 quokkas
  6 bats
  6 frilled lizards
  4 gnoll skeletons (Ossuary)
  4 goblin skeletons (Ossuary)
  4 goblin zombies (Ossuary)
  2 hobgoblin skeletons (Ossuary)
  4 hobgoblin zombies (Ossuary)
  5 kobold skeletons (Ossuary)
  6 kobold zombies (Ossuary)
  2 leopard gecko skeletons
  7 orc skeletons (Ossuary)
  8 orc zombies
  6 rats
  3 rat skeletons (Ossuary)
  7 rat zombies (Ossuary)
  A plant (Lair:4)
507 creatures vanquished.

Vanquished Creatures (others)
  4 humans (Lair:4)
  A kobold (D:3)
  6 plants
11 creatures vanquished.

Grand Total: 518 creatures vanquished

Notes
Turn   | Place    | Note
-------+----------+-------------------------------------------
     0 | D:1      | LostNumber the Troll Ice Elementalist began the quest for
                  | the Orb.
     0 | D:1      | Reached XP level 1. HP: 16/16 MP: 1/1
    95 | D:1      | Reached skill level 1 in Unarmed Combat
   110 | D:1      | Reached XP level 2. HP: 26/26 MP: 2/2
   246 | D:1      | Reached skill level 1 in Fighting
   281 | D:1      | Reached skill level 2 in Unarmed Combat
   513 | D:1      | Reached XP level 3. HP: 30/33 MP: 3/3
  1357 | D:2      | Reached skill level 3 in Unarmed Combat
  1357 | D:2      | Reached XP level 4. HP: 41/41 MP: 4/4
  1719 | D:3      | Noticed a bullfrog
  1728 | D:3      | Killed a bullfrog
  1728 | D:3      | Reached XP level 5. HP: 40/49 MP: 5/5
  1842 | D:3      | Reached skill level 4 in Unarmed Combat
  2205 | D:4      | You fall through a shaft!
  2205 | D:5      | Entered Level 5 of the Dungeon
  2205 | D:5      | Found Sefruluh's Lightly-Used Armoury.
  2206 | D:5      | Noticed a phantom
  2212 | D:5      | Reached XP level 6. HP: 56/59 MP: 6/6
  2233 | D:5      | Reached skill level 5 in Unarmed Combat
  2482 | D:5      | Reached XP level 7. HP: 46/67 MP: 7/7
  2526 | D:5      | Reached skill level 6 in Unarmed Combat
  2713 | D:4      | Found Eseittik's Distillery.
  2720 | D:4      | Bought a potion of curing for 42 gold pieces
  2720 | D:4      | Bought a potion of might for 56 gold pieces
  2774 | D:4      | Found Diqupuvi's Distillery.
  3011 | D:4      | Found Nasoh's Book Emporium.
  3130 | D:4      | Found Moocogaf's General Store.
  3144 | D:4      | Found a staircase to the Ecumenical Temple.
  3257 | D:4      | Found Adghausch's Antique Armour Boutique.
  3341 | Temple   | Entered the Ecumenical Temple
  3414 | D:5      | Found a hazy altar of Hepliaklqana.
  3592 | D:5      | Reached skill level 7 in Unarmed Combat
  3877 | D:5      | Reached XP level 8. HP: 45/78 MP: 8/8
  4214 | D:6      | Reached skill level 8 in Unarmed Combat
  4385 | D:6      | Reached skill level 5 in Fighting
  4745 | D:6      | Reached skill level 9 in Unarmed Combat
  5273 | D:7      | Found Qetav's Book Emporium.
  5305 | D:7      | Reached XP level 9. HP: 74/88 MP: 9/9
  5857 | D:7      | Found a glowing silver altar of Zin.
  6175 | D:8      | Found a sand-covered staircase.
  6185 | Ossuary  | Entered an ossuary
  6323 | Ossuary  | Reached skill level 10 in Unarmed Combat
  6455 | Ossuary  | Noticed Menkaure
  6473 | Ossuary  | Killed Menkaure
  6473 | Ossuary  | Reached skill level 1 in Maces & Flails
  6739 | D:8      | Noticed Gastronok
  6765 | D:8      | Killed Gastronok
  6765 | D:8      | Reached skill level 11 in Unarmed Combat
  6765 | D:8      | Reached XP level 10. HP: 59/100 MP: 10/10
  7055 | D:8      | Found Edemuo Pybb's Gadget Boutique.
  7071 | D:8      | Found a staircase to the Lair.
  7080 | D:8      | Got a crude falchion
  7081 | D:8      | Identified the +5 falchion of Eternal Vigilance {venom,
                  | *Contam rF+ rC+} (You found it on level 8 of the Dungeon)
  7130 | D:8      | Gained mutation: Your magical capacity is low. (-10% MP)
                  | [mutagenic glow]
  7372 | D:8      | Found a shimmering altar of Xom.
  7374 | D:8      | Found a bloodstained altar of Trog.
  7759 | D:4      | Bought a potion of heal wounds for 55 gold pieces
  7759 | D:4      | Bought a potion of haste for 110 gold pieces
  7759 | D:4      | Bought a potion of mutation for 88 gold pieces
  7871 | D:9      | Noticed Joseph
  7879 | D:9      | Killed Joseph
  7879 | D:9      | Reached skill level 1 in Shields
  7927 | D:9      | Noticed Maurice
  8358 | D:9      | Killed Maurice
  8499 | D:9      | Found a radiant altar of Vehumet.
  8511 | D:9      | Noticed Erolcha
  8520 | D:9      | Killed Erolcha
  8740 | D:9      | Noticed Prince Ribbit
  8754 | D:9      | Reached skill level 5 in Maces & Flails
  8762 | D:9      | Killed Prince Ribbit
  8762 | D:9      | Reached skill level 12 in Unarmed Combat
  8770 | D:9      | Found a shattered altar of Ashenzari.
  8780 | D:9      | Found a stormy altar of Qazlal.
  9243 | D:10     | Entered Level 10 of the Dungeon
  9248 | D:10     | Reached XP level 11. HP: 106/109 MP: 10/10
  9355 | D:10     | Noticed a skeletal warrior
  9375 | D:9      | Killed a skeletal warrior
  9446 | D:10     | Noticed a skeletal warrior
  9562 | Lair:1   | Entered Level 1 of the Lair of Beasts
  9943 | Lair:1   | Reached skill level 5 in Shields
  9951 | Lair:1   | Found a frozen archway.
  9960 | IceCv    | Entered an ice cave
 10588 | IceCv    | Reached XP level 12. HP: 87/122 MP: 11/11
 10704 | IceCv    | Noticed a death yak
 10721 | IceCv    | Killed a death yak
 10819 | IceCv    | Noticed a frost giant
 10819 | IceCv    | Noticed a death yak
 10836 | IceCv    | Reached skill level 13 in Unarmed Combat
 10843 | IceCv    | Killed a frost giant
 10855 | IceCv    | Killed a death yak
 10991 | IceCv    | Identified a scroll of acquirement
 11021 | Lair:1   | Noticed a six-headed hydra
 11030 | Lair:1   | Killed a six-headed hydra
 11402 | Lair:1   | Noticed an eight-headed hydra
 11745 | Lair:2   | Found a staircase to the Swamp.
 11773 | Lair:2   | Noticed a four-headed hydra
 11937 | Lair:2   | Killed a five-headed hydra
 12084 | Lair:2   | Found a dark tunnel.
 12129 | Volcano  | Entered a volcano
 12354 | Volcano  | Noticed a two-headed ogre
 12354 | Volcano  | Noticed a two-headed ogre
 12355 | Volcano  | Noticed a two-headed ogre
 12356 | Volcano  | Noticed an ogre mage
 12356 | Volcano  | Noticed a two-headed ogre
 12359 | Volcano  | Killed a two-headed ogre
 12364 | Volcano  | Killed a two-headed ogre
 12367 | Volcano  | Killed a two-headed ogre
 12367 | Volcano  | Reached XP level 13. HP: 133/133 MP: 12/12
 12375 | Volcano  | Reached skill level 10 in Fighting
 12385 | Volcano  | Reached skill level 14 in Unarmed Combat
 12436 | Volcano  | Found a bloodstained altar of Trog.
 12461 | Volcano  | Found a bloodstained altar of Trog.
 12805 | Lair:2   | Reached skill level 1 in Armour
 13638 | Lair:3   | You fall through a shaft!
 14128 | Lair:4   | Noticed Kirke
 14182 | Lair:4   | Killed Kirke
 14463 | Lair:4   | Found a staircase to the Snake Pit.
 14647 | Lair:4   | Noticed Snorg
 14661 | Lair:4   | Killed Snorg
 14665 | Lair:4   | Reached skill level 15 in Unarmed Combat
 15570 | Lair:5   | Reached XP level 14. HP: 128/144 MP: 13/13
 15830 | Lair:5   | Found a staircase to the Slime Pits.
 16066 | Lair:6   | Entered Level 6 of the Lair of Beasts
 16370 | Temple   | Became a worshipper of Uskayaw the Reveler
 16557 | D:10     | Reached * piety under Uskayaw
 16575 | D:11     | Noticed Sonja
 16576 | D:11     | Noticed Sonja
 16576 | D:11     | Sonja changed into Sonja the warg
 16581 | D:11     | Reached ** piety under Uskayaw
 16586 | D:11     | Reached *** piety under Uskayaw
 16587 | D:11     | Killed Sonja the warg
 16708 | D:11     | Noticed Grum
 16717 | D:11     | Killed Grum
 16727 | D:11     | Reached **** piety under Uskayaw
 16749 | D:11     | Noticed Psyche
 16753 | D:11     | Killed Psyche
 16779 | D:11     | Reached skill level 1 in Invocations
 16789 | D:11     | Reached ***** piety under Uskayaw
 16791 | D:11     | Found a staircase to the Orcish Mines.
 17003 | D:11     | Found the +5 scythe "Finisher" {speed, eviscerate}
 17130 | D:11     | Slain by an ogre

Skill      XL: |  1  2  3  4  5  6  7  8  9 10 11 12 13 14 |
---------------+-------------------------------------------+-----
Unarmed Combat | 1 2 3 4 5 7 9 11 12 13 15 | 15.4
Fighting       | 1 2 3 4 5 6 7 8 9 10 11 | 11.0
Maces & Flails | 3 5 6 7 |  7.4
Shields        | 3 6 9 |  9.0
Armour         | 3 4 |  4.0
Invocations    | 1 |  1.6
Dodging        | |  1.5
Stealth        | |  1.0
Spellcasting   | |  1.2
Conjurations   | |  0.6
Ice Magic      | |  2.1

Action                   |  1- 3 |  4- 6 |  7- 9 | 10-12 | 13-15 || total
-------------------------+-------+-------+-------+-------+-------++-------
Melee: Unarmed           |    93 |   116 |   371 |   601 |   486 ||  1667
       Punch             |     1 |     4 |    10 |    24 |       ||    39
       Morningstar       |       |       |       |    23 |       ||    23
       Great mace        |       |       |       |       |    17 ||    17
Invok: Stomp             |       |       |       |       |     2 ||     2
       Line Pass         |       |       |       |       |     1 ||     1
Evoke: Wand              |       |       |       |    10 |     1 ||    11
  Use: Scroll            |       |       |    11 |    11 |     6 ||    28
       Potion            |       |       |     1 |     2 |     6 ||     9
 Stab: Sleeping          |     2 |     2 |     3 |       |     1 ||     8
       Distracted        |       |       |       |     3 |       ||     3
       Confused          |       |       |       |     2 |       ||     2
       Paralysed         |       |       |       |       |    13 ||    13
  Eat: Chunk             |    18 |     9 |    33 |    58 |    45 ||   163
Armor: Robe              |    40 |    59 |    99 |    34 |       ||   232
       Troll leather arm |       |       |       |   163 |       ||   163
       Acid dragon scale |       |       |       |    80 |   200 ||   280
Dodge: Dodged            |    45 |    51 |   133 |   273 |   124 ||   626
Block: Other             |     7 |    15 |    39 |    55 |     6 ||   122
       Reflection        |       |     1 |       |     6 |     4 ||    11
       Shield            |       |       |       |   102 |   312 ||   414
